 Dungeon Sprint DCSS version 0.26-a0-690-gcb57259078 (webtiles) character file.

Game seed: 247610667715544325

48158 sahdkjhfkaj the Slayer (level 14, -2/161 HPs)
             Began as a Troll Monk on Oct 23, 2020.
             Was the Champion of Ru.
             Slain by a rakshasa
             ... wielding a +0 trident
              (5 damage)
             ... while paralysed by a great orb of eyes
             ... in the Dungeon (Sprint IX: "|||||||||||||||||||||||||||||").
             The game lasted 00:09:33 (3598 turns).

sahdkjhfkaj the Slayer (Troll Monk)                 Turns: 3598, Time: 00:09:33

Health: -2/161     AC: 11    Str: 26    XL:     14   Next: 11%
Magic:  1/13       EV:  1    Int:  6    God:    Ru [******]
Gold:   1876       SH:  0    Dex: 12    Spells: 13/13 levels left

rFire    . . .     SeeInvis +     - Unarmed
rCold    . . .     Faith    .   x - +0 kite shield {reflect}
rNeg     . . .     Spirit   .   m - +0 acid dragon scales
rPois    +         Reflect  +   (helmet restricted)
rElec    .         Harm     .   l - +0 cloak
rCorr    +         Rampage  .   (gloves unavailable)
MR       +....     NoTele   +   (boots unavailable)
Stlth    +.........             (no amulet)
HPRegen  0.76/turn              t - ring of poison resistance
MPRegen  0.13/turn              v - ring of see invisible

@: paralysed, exhausted, no scrolls, drained
A: large, unfitting armour, claws 3, frail 1, regeneration 1, shaggy fur 1,
tough skin 3, inability to read while threatened, inability to train armour,
unskilled 1
a: Draw Out Power, Power Leap, Apocalypse, Renounce Religion


You were in the Dungeon.
You worshipped Ru.
Ru was exalted by your worship.
You visited 1 branch You collected 1939 gold pieces.
You spent 63 gold pieces at shops.

Inventory:

Armour
 l - a +0 cloak (worn)
 m - +0 acid dragon scales (worn)
 x - a +0 kite shield of reflection (worn)
Jewellery
 s - an uncursed ring of fire
 t - a ring of poison resistance (left claw)
 u - an uncursed ring of ice
 v - a ring of see invisible (right claw)
Wands
 k - a wand of iceblast (3)
Scrolls
 g - 4 scrolls of blinking
 i - 5 scrolls of remove curse
 j - 2 scrolls of amnesia
 n - a scroll of fog
 o - a scroll of fear
 q - 3 scrolls of identify
Potions
 a - a potion of stabbing {!q}
 b - 8 potions of curing {!q}
 c - 9 potions of heal wounds {!q}
 d - a potion of haste {!q}
 e - 4 potions of magic {!q}
 f - 2 potions of berserk rage {!q}
 h - a potion of invisibility {!q}
 p - a potion of cancellation {!q}
 w - a potion of flight {!q, unknown}


   Skills:
 * Level 21.0(19.3) Fighting
 - Level 10.0(8.6) Dodging
 - Level 0.9(0.0) Stealth
 - Level 9.0(7.7) Shields
 + Level 18.7(17.1) Unarmed Combat


You had 13 spell levels left.
You didn't know any spells.
Your spell library was empty.

Dungeon Overview and Level Annotations

Branches:
Dungeon (1/1)

Altars:
Cheibriados
Dithmenos
Elyvilon
Fedhas
Gozag
Hepliaklqana
Kikubaaqudgha
Makhleb
Nemelex Xobeh
Okawaru
Qazlal
Ru
Sif Muna
Trog
Uskayaw
Vehumet
Wu Jian
Xom
Yredelemnul
Zin
The Shining One
Beogh
Jiyva
Lugonu

Shops:
D [*!!


Innate Abilities, Weirdness & Mutations

You are too large for most types of armour.
You have claws for hands.
You are frail. (-10% HP)
Your natural rate of healing is unusually fast.
You are covered in fur. (AC +1)
You have extremely tough skin. (AC +3)
You cannot read scrolls while threatened.
You cannot train Armour skill.
You are somewhat unskilled. (-1 Apt)


Message History

The great orb of eyes bites you but does no damage.
A great orb of eyes comes into view.
The rakshasa hits you from afar with a +0 trident.
* * * LOW HITPOINT WARNING * * *
You focus your will and illuminate the rakshasa in retribution!
The great orb of eyes bites you!
* * * LOW HITPOINT WARNING * * *
The ice dragon begins to attack, but is stunned by your will!
The great orb of eyes begins to attack, but is stunned by your will!
The rakshasa hits you from afar with a +0 trident.
* * * LOW HITPOINT WARNING * * *
A stone giant comes into view.
You redirect the great orb of eyes's attack!
The great orb of eyes bites itself.
The rakshasa hits you but does no damage.
The ice dragon begins to attack, but is stunned by your will!
The rakshasa stops glowing.
The great orb of eyes is stunned by your will and fails to attack.
The rakshasa hits you from afar with a +0 trident.
You die...

▓.▓.▓.▓.▓.▓.▓.▓.▓)
▓.▓.▓'▓.▓)▓.▓)▓.▓.
▓.▓.▓.▓.▓)▓.▓)▓.▓.
▓[▓.▓.▓.▓)▓.▓)▓.▓.
▓[▓.▓.▓.▓)▓.▓)▓.▓.
▓)▓[▓.▓.▓)▓.▓)▓.▓.
▓(▓.▓†▓.▓)▓.▓)▓.▓.
▓)▓.▓.▓.▓)▓.▓)▓.▓'
▓@▓.▓.▓.▓)▓.▓.▓.▓.
▓G▓.▓.▓.▓.▓.▓.▓.▓.
▓R▓.▓.▓.▓[▓.▓.▓.▓.
▓D▓.▓'▓.▓[▓.▓.▓.▓.
▓G▓.▓)▓.▓[▓.▓.▓.▓.
▓.▓.▓)▓.▓[▓.▓'▓.▓.
▓C▓.▓.▓.▓[▓.▓)▓.▓.
▓.▓.▓.▓.▓[▓.▓)▓.▓.
▓.▓)▓.▓[▓.▓)▓.▓.


You could see an ice dragon, a stone giant, 2 great orbs of eyes and a rakshasa.

Vanquished Creatures
  Agnes (D)
  A thorn hunter (D)
  Donald (D)
  A fire giant (D)
  3 very ugly things (D)
  A stone giant (D)
  An entropy weaver (D)
  A vampire knight (D)
  An ettin (D)
  2 ice dragons (D)
  A naga warrior (D)
  A boulder beetle (D)
  2 rakshasas (D)
  2 hydras (D)
  2 anacondas (D)
  A spriggan air mage (D)
  A catoblepas (D)
  A merfolk aquamancer (D)
  2 ogre magi (D)
  5 death yaks (D)
  A satyr (D)
  An alligator (D)
  2 orc high priests (D)
  Nergalle (D)
  Sonja (D)
  An unseen horror (D)
  A sea snake (D)
  A flayed ghost (D)
  2 naga ritualists (D)
  5 orc knights (D)
  2 wizards (D)
  An ugly thing (D)
  An orb spider (D)
  2 orc sorcerers (D)
  A manticore (D)
  3 wolf spiders (D)
  A cyclops (D)
  3 black mambas (D)
  Joseph (D)
  A naga mage (D)
  A water nymph (D)
  2 gargoyles (D)
  6 cane toads (D)
  4 rime drakes (D)
  A komodo dragon (D)
  2 yaktaurs (D)
  A demonic crawler (D)
  A kobold demonologist (D)
  2 merfolk (D)
  A troll (D)
  A wind drake (D)
  A jumping spider (D)
  2 tarantellas (D)
  2 vampire mosquitoes (D)
  4 yaks (D)
  2 water moccasins (D)
  11 orc warriors (D)
  A sky beast (D)
  2 ice beasts (D)
  A swamp drake (D)
  A wolf (D)
  3 bullfrogs (D)
  A scorpion (D)
  2 killer bees (D)
  2 orc wizards (D)
  2 jellies (D)
  3 orc priests (D)
  An iguana (D)
  A worker ant (D)
  An adder (D)
  An adder zombie (D)
  An adder skeleton (D)
  14 orcs (D)
  A bat zombie (D)
  A hobgoblin (D)
  A frilled lizard (D)
  A goblin (D)
  A quokka skeleton (D)
  A quokka zombie (D)
  2 rats (D)
152 creatures vanquished.

Vanquished Creatures (others)
  A glowing orange brain (D)
  An orc warrior (D)
2 creatures vanquished.

Grand Total: 154 creatures vanquished

Notes
Turn   | Place    | Note
-------+----------+-------------------------------------------
     0 | D        | sahdkjhfkaj the Troll Monk began the quest for the Orb.
     0 | D        | Reached XP level 1. HP: 22/22 MP: 0/0
    33 | D        | Noticed a scorpion
    36 | D        | Killed a scorpion
    36 | D        | Reached skill level 3 in Fighting
    36 | D        | Reached skill level 5 in Unarmed Combat
    36 | D        | Reached skill level 4 in Fighting
    36 | D        | Reached XP level 2. HP: 33/33 MP: 1/1
    36 | D        | Reached XP level 3. HP: 40/40 MP: 2/2
    57 | D        | Found a roughly hewn altar of Beogh.
    57 | D        | Found a snail-covered altar of Cheibriados.
    57 | D        | Found a shadowy altar of Dithmenos.
    57 | D        | Found a white marble altar of Elyvilon.
    57 | D        | Found a blossoming altar of Fedhas.
    57 | D        | Found an opulent altar of Gozag.
    58 | D        | Found a hazy altar of Hepliaklqana.
    59 | D        | Found a viscous altar of Jiyva.
    60 | D        | Found an ancient bone altar of Kikubaaqudgha.
    61 | D        | Found a corrupted altar of Lugonu.
    62 | D        | Found a burning altar of Makhleb.
    63 | D        | Found a sparkling altar of Nemelex Xobeh.
    64 | D        | Found an iron altar of Okawaru.
    65 | D        | Found a stormy altar of Qazlal.
    66 | D        | Found a sacrificial altar of Ru.
    67 | D        | Found a shimmering blue altar of Sif Muna.
    68 | D        | Found a bloodstained altar of Trog.
    69 | D        | Found a hide-covered altar of Uskayaw.
    70 | D        | Found a radiant altar of Vehumet.
    71 | D        | Found an ornate altar of the Wu Jian Council.
    72 | D        | Found a shimmering altar of Xom.
    73 | D        | Found a basalt altar of Yredelemnul.
    74 | D        | Found a glowing silver altar of Zin.
    75 | D        | Found a glowing golden altar of the Shining One.
    80 | D        | Became a worshipper of Ru the Awakened
    91 | D        | Gained mutation: You are frail. (-10% HP) [Ru sacrifice]
    91 | D        | Reached * piety under Ru
    91 | D        | Reached ** piety under Ru
   114 | D        | Noticed a killer bee
   114 | D        | Noticed an ice beast
   115 | D        | Reached skill level 5 in Fighting
   115 | D        | Reached XP level 4. HP: 45/45 MP: 3/3
   122 | D        | Reached skill level 6 in Fighting
   125 | D        | Killed an ice beast
   125 | D        | Reached skill level 7 in Fighting
   125 | D        | Reached XP level 5. HP: 32/56 MP: 4/4
   129 | D        | Reached skill level 8 in Fighting
   132 | D        | Reached XP level 6. HP: 33/64 MP: 5/5
   289 | D        | Noticed an ice beast
   289 | D        | Noticed a purple ugly thing
   298 | D        | Killed an ice beast
   298 | D        | Reached skill level 9 in Fighting
   311 | D        | Killed a purple ugly thing
   311 | D        | Reached skill level 11 in Fighting
   311 | D        | Reached XP level 7. HP: 31/79 MP: 6/6
   670 | D        | Noticed a yak
   670 | D        | Noticed a cane toad
   670 | D        | Noticed a rime drake
   670 | D        | Noticed a yak
   671 | D        | Noticed an eight-headed hydra
   674 | D        | Reached XP level 8. HP: 77/88 MP: 7/7
   677 | D        | Noticed a rime drake
   678 | D        | Reached skill level 12 in Fighting
   683 | D        | Killed a cane toad
   689 | D        | Killed a rime drake
   689 | D        | Reached skill level 13 in Fighting
   789 | D        | Gained mutation: You cannot read scrolls while threatened.
                  | [Ru sacrifice]
   789 | D        | Reached *** piety under Ru
   806 | D        | Reached XP level 9. HP: 95/99 MP: 8/8
   909 | D        | Killed an eight-headed hydra
   909 | D        | Reached skill level 14 in Fighting
  1116 | D        | Killed a rime drake
  1167 | D        | Noticed a komodo dragon
  1167 | D        | Noticed a cane toad
  1167 | D        | Noticed a rime drake
  1167 | D        | Noticed a boulder beetle
  1172 | D        | Killed a komodo dragon
  1172 | D        | Noticed a cane toad
  1174 | D        | Noticed a cane toad
  1177 | D        | Killed a cane toad
  1177 | D        | Noticed a rime drake
  1204 | D        | Reached skill level 15 in Fighting
  1289 | D        | Killed a rime drake
  1289 | D        | Reached XP level 10. HP: 97/111 MP: 9/9
  1292 | D        | Killed a cane toad
  1301 | D        | Killed a cane toad
  1481 | D        | Killed a boulder beetle
  1481 | D        | Reached skill level 16 in Fighting
  1521 | D        | Gained mutation: You cannot train Armour skill. [Ru
                  | sacrifice]
  1521 | D        | Reached **** piety under Ru
  1521 | D        | Reached ***** piety under Ru
  1561 | D        | Noticed a catoblepas
  1561 | D        | Noticed a death yak
  1561 | D        | Noticed a death yak
  1561 | D        | Noticed a death yak
  1564 | D        | Noticed a death yak
  1564 | D        | Killed a catoblepas
  1564 | D        | Reached skill level 15 in Unarmed Combat
  1569 | D        | Noticed a death yak
  1570 | D        | Killed a death yak
  1574 | D        | Killed a death yak
  1574 | D        | Reached skill level 17 in Fighting
  1579 | D        | Killed a death yak
  1579 | D        | Reached XP level 11. HP: 67/125 MP: 10/10
  1675 | D        | Killed a death yak
  1685 | D        | Killed a death yak
  1971 | D        | Noticed an orc knight
  1973 | D        | Reached skill level 18 in Fighting
  1974 | D        | Noticed an orc knight
  1977 | D        | Killed an orc knight
  1986 | D        | Killed an orc knight
  2143 | D        | Found Zorreoll's Armour Emporium.
  2143 | D        | Noticed an orc knight
  2143 | D        | Noticed an orc sorcerer
  2143 | D        | Noticed an orc high priest
  2143 | D        | Noticed an orc knight
  2144 | D        | Killed an orc sorcerer
  2144 | D        | Killed an orc high priest
  2145 | D        | Killed an orc knight
  2147 | D        | Found Moin's General Store.
  2148 | D        | Noticed an orc high priest
  2149 | D        | Found Gikyb's Distillery.
  2150 | D        | Noticed an orc knight
  2151 | D        | Noticed an orc sorcerer
  2153 | D        | Killed an orc knight
  2153 | D        | Reached skill level 19 in Fighting
  2154 | D        | Found Wuisoreb's Distillery.
  2158 | D        | Killed an orc high priest
  2162 | D        | Killed an orc knight
  2165 | D        | Killed an orc sorcerer
  2293 | D        | Noticed Joseph
  2336 | D        | Bought a +0 kite shield for 63 gold pieces
  2393 | D        | Killed Joseph
  2393 | D        | Reached skill level 1 in Shields
  2510 | D        | Noticed an unseen horror
  2515 | D        | Killed an unseen horror
  2515 | D        | Reached XP level 12. HP: 135/138 MP: 11/11
  2532 | D        | Noticed an ogre mage
  2535 | D        | Reached skill level 5 in Dodging
  2536 | D        | Noticed a rakshasa
  2541 | D        | Noticed an ice dragon
  2546 | D        | Killed an ogre mage
  2547 | D        | Gained mutation: You are somewhat unskilled. (-1 Apt) [Ru
                  | sacrifice]
  2547 | D        | Reduced skill Fighting to level 18
  2547 | D        | Reached ****** piety under Ru
  2549 | D        | Noticed an ettin
  2559 | D        | Killed a rakshasa
  2561 | D        | Killed an ice dragon
  2561 | D        | Killed an ettin
  2774 | D        | Noticed Agnes
  2788 | D        | Killed Agnes
  2788 | D        | Reached skill level 10 in Dodging
  2912 | D        | Noticed an entropy weaver
  2914 | D        | Killed an entropy weaver
  2992 | D        | Reached skill level 5 in Shields
  3071 | D        | Noticed a merfolk aquamancer
  3071 | D        | Noticed a satyr
  3073 | D        | Killed a merfolk aquamancer
  3073 | D        | Killed a satyr
  3073 | D        | Reached XP level 13. HP: 128/144 MP: 12/12
  3138 | D        | Reached skill level 19 in Fighting
  3199 | D        | Noticed a white very ugly thing
  3200 | D        | Noticed a thorn hunter
  3203 | D        | Killed a white very ugly thing
  3212 | D        | Killed a thorn hunter
  3285 | D        | Noticed Nergalle
  3292 | D        | Killed Nergalle
  3306 | D        | Noticed Sonja
  3317 | D        | Killed Sonja
  3317 | D        | Reached skill level 20 in Fighting
  3370 | D        | Noticed Donald
  3380 | D        | Killed Donald
  3548 | D        | Noticed a purple very ugly thing
  3550 | D        | Noticed a stone giant
  3553 | D        | Noticed a fire giant
  3554 | D        | Killed a purple very ugly thing
  3555 | D        | Noticed a white very ugly thing
  3555 | D        | Noticed a vampire knight
  3563 | D        | Killed a stone giant
  3568 | D        | Killed a vampire knight
  3568 | D        | Reached XP level 14. HP: 75/158 MP: 6/13
  3574 | D        | Killed a fire giant
  3581 | D        | Killed a white very ugly thing
  3581 | D        | Reached skill level 21 in Fighting
  3593 | D        | Paralysed by a great orb of eyes for 7 turns
  3595 | D        | HP: 7/161 [great orb of eyes (12)]
  3596 | D        | HP: 1/161 [rakshasa/+0 trident (6)]
  3596 | D        | Noticed a stone giant
  3598 | D        | Slain by a rakshasa

Illustrated notes

Levels and vault maps discovered:
D:        linesprint [early_d, line_temple, items_1, d_10, items_2, lair_1,
          lair_end, items_3, orc_1, orc_end, items_4, d_15, swamp_1, shoals_1,
          snake_1, spider_1, d_20, vaults_1, items_5, swamp_end, shoals_end,
          snake_end, spider_end, vaults_end, d_27, items_6, zot_1, zot_end,
          crypt_end, forest_end, elf_end, slime_end, tomb_end, abyss_end,
          pan_hell_end]

Skill      XL: |  1  2  3  4  5  6  7  8  9 10 11 12 13 14 |
---------------+-------------------------------------------+-----
Unarmed Combat | 6 7 8 11 12 14 15 17 16 18 | 18.7
Fighting       | 4 5 7 8 11 13 15 17 19 18 20 21 | 21.0
Dodging        | 3 10 | 10.0
Shields        | 2 5 9 |  9.0
Stealth        | 0 |  0.9

Action                   |  1- 3 |  4- 6 |  7- 9 | 10-12 | 13-15 || total
-------------------------+-------+-------+-------+-------+-------++-------
Melee: Unarmed           |    36 |    37 |    58 |   172 |    77 ||   380
       Punch             |       |     3 |     2 |    10 |       ||    15
Invok: Sacrifice Health  |     1 |       |       |       |       ||     1
       Sacrifice Words   |       |       |     1 |       |       ||     1
       Sacrifice Durabil |       |       |       |     1 |       ||     1
       Apocalypse        |       |       |       |     5 |     6 ||    11
       Reject Sacrifices |       |       |       |     1 |       ||     1
       Draw Out Power    |       |       |       |     1 |       ||     1
       Sacrifice Skill   |       |       |       |     1 |       ||     1
Evoke: Wand              |       |       |     6 |     1 |       ||     7
  Use: Potion            |       |     1 |       |     1 |       ||     2
       Scroll            |       |       |     1 |       |       ||     1
 Stab: Distracted        |       |     1 |       |       |       ||     1
       Invisible         |       |       |     1 |     4 |     1 ||     6
       Paralysed         |       |       |       |     9 |    10 ||    19
       Sleeping          |       |       |       |     1 |       ||     1
Armor: Robe              |    16 |     3 |     5 |     5 |       ||    29
       Acid dragon scale |       |       |       |     7 |     8 ||    15
Dodge: Dodged            |    11 |    17 |    34 |    33 |    21 ||   116
Block: Kite shield       |       |       |       |    12 |    25 ||    37

Table legend: (Time is in decaauts)
 A = Elapsed time spent in this place.
 B = Non-inter-level travel time spent in this place.
 C = Inter-level travel time spent in this place.
 D = Time resting spent in this place.
 E = Time spent auto-exploring this place.
 F = Levels seen in this place.
 G = Mean time per level.
                   A        B        C        D        E       F      G
               +--------+--------+--------+--------+--------+-----+--------+
         Total |   3513 |   3430 |     83 |   1765 |    828 |   1 | 3513.0 |
       Dungeon |   3513 |   3430 |     83 |   1765 |    828 |   1 | 3513.0 |
               +--------+--------+--------+--------+--------+-----+--------+

Top non-repeatable levels by time:
       D: 3513 daAuts
